 Dungeon Crawl Stone Soup version 0.23-a0-767-gdc19b93d68 (webtiles) character file.

91402 MirrMurr the Unseen (level 15, -10/78 HPs)
             Began as a Spriggan Enchanter on Jan 28, 2019.
             Was the Champion of Okawaru.
             Mangled by an entropy weaver (11 damage)
             ... on level 4 of the Lair of Beasts on Jan 29, 2019.
             The game lasted 01:47:58 (36508 turns).

MirrMurr the Unseen (Spriggan Enchanter)           Turns: 36508, Time: 01:47:59

Health: -10/78     AC:  2    Str:  9    XL:     15   Next: 54%
Magic:  29/32      EV: 31    Int: 17    God:    Okawaru [******]
Gold:   560        SH: 13    Dex: 18    Spells: 5/38 levels left

rFire    + . .     SeeInvis +   b - +4 rapier (flame)
rCold    + . .     Gourm    .   q - +2 buckler {rF+}
rNeg     . . .     Faith    .   U - +2 robe {rC+}
rPois    .         Spirit   .   S - +0 hat of Okawaru's Displeasure {Stlth+}
rElec    .         Reflect  +   v - +1 cloak
rCorr    .         Harm     .   (gloves unavailable)
MR       +++..                  (boots unavailable)
Stlth    +++++++++.             M - +3 amulet of reflection
HPRegen  0.23/turn              u - ring of protection from magic
MPRegen  0.23/turn              x - ring of stealth

@: corroded, very quick
A: very small, unfitting armour, see invisible, herbivore, speed 3, slow
metabolism 2
a: Heroism, Finesse, Renounce Religion


You were on level 4 of the Lair of Beasts.
You worshipped Okawaru.
Okawaru was exalted by your worship.
You were hungry.

You visited 5 branches of the dungeon, and saw 25 of its levels.

You collected 2221 gold pieces.
You spent 1661 gold pieces at shops.

Inventory:

Hand Weapons
 a - a +2 dagger of freezing
 b - a +4 rapier of flaming (weapon)
 t - a +0 fustibalus of flaming
 w - a +2 hunting sling of flaming
 F - the +8 scimitar "Demon's Funeral" {drain, Str+5 Int-2 Dex+2 Stlth+}
   (Okawaru gifted it to you on level 2 of the Orcish Mines)

   A truly terrible weapon, it drains the life of those it strikes.
   It affects your strength (+5).
   It affects your intelligence (-2).
   It affects your dexterity (+2).
   It makes you more stealthy.
Missiles
 e - 70 poisoned needles
 A - 164 sling bullets
 N - 8 needles of confusion
 P - 7 needles of paralysis
 V - 615 stones (quivered)
Armour
 q - a +2 buckler of fire resistance (worn)
 v - a +1 cloak (worn)
 S - the +0 hat of Okawaru's Displeasure (worn) {Stlth+}
   (Okawaru gifted it to you on level 1 of the Lair of Beasts)

   It makes you more stealthy.
 U - a +2 robe of cold resistance (worn)
Jewellery
 u - a ring of protection from magic (left hand)
 x - a ring of stealth (right hand)
 C - an uncursed ring of fire
 D - an uncursed ring of resist corrosion
 E - the amulet "Esuos" {*Contam +Rage rPois rF++ MR-}
   (You bought it in a shop on level 9 of the Dungeon)

   [amulet of rage]

   It greatly protects you from fire.
   It protects you from poison.
   It affects your resistance to hostile enchantments.
   It lets you go berserk.
   It causes magical contamination when unequipped.
 M - a +3 amulet of reflection (around neck)
 T - an uncursed ring of ice
Wands
 m - a wand of iceblast (29)
 I - a wand of scattershot (6)
 O - a wand of acid (7)
 Q - a wand of digging (10)
 R - a wand of paralysis (6)
Scrolls
 d - 7 scrolls of teleportation
 f - 5 scrolls of fog
 i - a scroll of identify
 r - 5 scrolls of remove curse
 B - 3 scrolls of fear
 G - 2 scrolls of magic mapping
Potions
 g - 4 potions of invisibility
 h - 6 potions of lignification
 j - 6 potions of curing
 k - 5 potions of cancellation
 l - 7 potions of heal wounds
 n - a potion of berserk rage
 o - 3 potions of brilliance
 p - 4 potions of ambrosia
 s - 5 potions of haste
 y - a potion of magic
 z - 3 potions of mutation
 J - 4 potions of flight
 K - a potion of agility
Comestibles
 c - 18 rations


   Skills:
 + Level 8.7 Fighting
 - Level 10.0 Short Blades
 - Level 15.0 Dodging
 + Level 17.5 Stealth
 - Level 7.2 Shields
 - Level 12.0 Spellcasting
 - Level 12.0 Hexes
 + Level 5.1 Summonings
 + Level 7.6 Invocations


You had 5 spell levels left.
You knew the following spells:

 Your Spells              Type           Power        Failure   Level  Hunger
a - Ensorcelled Hibernat  Hex/Ice        ####..       1%          2    None
b - Confuse               Hex            ######..     1%          3    None
c - Tukima's Dance        Hex            ######..     1%          3    None
d - Dazzling Spray        Conj/Hex       ####..       1%          3    None
e - Summon Butterflies    Summ           ####....     1%          1    None
f - Summon Mana Viper     Hex/Summ       #####...     5%          5    ####...
g - Summon Ice Beast      Ice/Summ       ###.....     24%         4    ##.....
h - Summon Lightning Spi  Summ/Air       ###.....     24%         4    ##.....
i - Invisibility          Hex            ######..     8%          6    ######.
A - Apportation           Tloc           ##....       7%          1    None
C - Corona                Hex            ######.      1%          1    None

Your spell library contained the following spells:

 Spells                   Type           Power        Failure   Level  Hunger
 Call Canine Familiar     Summ           ####....     2%          3    None
 Fulminant Prism          Conj/Hex       ####......   6%          4    ##.....
 Magic Dart               Conj           ##..         7%          1    None
 Searing Ray              Conj           ##....       11%         2    None
 Silence                  Hex/Air        ####......   16%         5    ####...
 Lesser Beckoning         Tloc           ##........   21%         3    None
 Force Lance              Conj/Tloc      ##......     56%         4    ##.....
 Iskenderun's Mystic Bla  Conj           ##......     56%         4    ##.....
 Alistair's Intoxication  Tmut/Pois      ##......     88%         5    ####...
 Conjure Ball Lightning   Conj/Air       ##........   100%        6    ######.
 Deflect Missiles         Chrm/Air       ##........   100%        6    ######.
 Summon Hydra             Summ           ####......   100%        7    #######
 Tornado                  Air            ##........   100%        9    #######


Dungeon Overview and Level Annotations

Branches:
Dungeon (15/15)            Temple (1/1) D:6            Lair (6/6) D:8
 Shoals (0/4) Lair:4       Spider (1/4) Lair:4        Slime (0/5) Lair:5
    Orc (2/2) D:9             Elf (0/3) Orc:2        Vaults (0/5) D:14
 Depths (0/5) D:15

Altars:
Ashenzari
Cheibriados
Dithmenos
Gozag
Hepliaklqana
Kikubaaqudgha
Makhleb
Nemelex Xobeh
Okawaru
Ru
Trog
Xom
Yredelemnul
Zin
The Shining One

Shops:
D:9 =   D:10 !   D:14 :   Orc:2 *[%[

Portals:
Trove: D:15 (give 15 scrolls of teleportation)

Annotations:
Lair:1 3 runed doors, karf's ghost, journeyman FoGl; rayg00n's ghost, journeyman OpWz
Lair:6 1 exclusion


Innate Abilities, Weirdness & Mutations

You are very small and have problems with some larger weapons.
You are too small for most types of armour.
You have supernaturally acute eyesight. (SInv)
You are a herbivore.
You cover ground extremely quickly.
You need to consume almost no food.


Message History

There is a crawl-hole back to the Lair, spattered with blood here.
The entropy weaver gestures wildly while chanting.
The entropic weave corrodes you! The orb of destruction hits you!
* * * LOW HITPOINT WARNING * * *
You climb upwards.
Welcome back to the Lair of Beasts!
There is a hole to the Spider Nest here.
Casting: Ensorcelled Hibernation (safe; 1% risk of failure)
Confirm with . or Enter, or press ? or * to list all spells.
Aiming: Confuse (safe; 1% risk of failure)
Press: ? - help, Shift-Dir - straight line, f - entropy weaver
Aim: an entropy weaver (chance to defeat MR: 37%)
The entropy weaver resists with some effort.
The entropy weaver hits you but does no damage.
You block the entropy weaver's attack. The entropy weaver hits you!
* * * LOW HITPOINT WARNING * * *
You block the entropy weaver's attack. x2; The entropy weaver misses you.
The entropy weaver hits you.
* * * LOW HITPOINT WARNING * * *
The entropy weaver hits you!
You die...

......................#...#
....##...............##...#
...###.....#..########^...#
....##......#### ###^^....#
#...##.....##..###....^####
.....#......#..##...^.##
#...##.!......##^^^^^##
#...#........##a†..^.#
....#......####.@..###
#.P#.......###....##.##
######.......######...#
.....................##
......................#
.....................##
..............##.###..##
.#...#......#######..#.#
####..#....#..#.###...##


You could see an entropy weaver.

Vanquished Creatures
  A ghost moth (Lair:4)
  Nessos (Lair:6)
  An ettin (Orc:2)
  2 ogre magi (Orc:2)
  7 hydras
  Fannar (Lair:1)
  A yaktaur captain (D:15)
  A vault guard (D:14)
  2 catoblepae
  3 centaur warriors
  A tengu warrior (D:13)
  13 two-headed ogres
  2 orc high priests (D:9)
  A deep elf knight (D:14)
  4 unseen horrors
  2 deep trolls (Orc:2)
  2 lindwurms (Lair:6)
  3 orc knights
  A wizard (D:14)
  Pikel (D:7)
  2 deep elf magi
  An orc sorcerer (D:9)
  17 ugly things
  5 manticores
  9 cyclopes
  3 centaur zombies
  7 black mambas
  A torpor snail (Lair:6)
  16 spiny frogs
  Joseph (Lair:1)
  2 rime drakes (Lair:6)
  A gargoyle (D:9)
  A komodo dragon (Lair:5)
  2 ice devils (Lair:1)
  A redback zombie (D:14)
  A komodo dragon (shapeshifter) (D:12)
  10 trolls
  A queen bee (D:8)
  2 tengu conjurers (D:13)
  3 polar bears
  2 jumping spiders (Lair:4)
  A wolf spider simulacrum (D:13)
  10 slime creatures
  12 hippogriffs
  A snapping turtle (Lair:4)
  15 blink frogs
  3 redbacks (Lair:4)
  3 tarantellas (Lair:4)
  A water elemental (D:14)
  A vampire (D:13)
  27 yaks
  5 wyverns
  4 basilisks
  2 hungry ghosts
  Eustachio (D:6)
  4 vampire mosquitoes
  2 steam dragons (D:12)
  7 wargs
  Edmund (D:6)
  A hell hound (Lair:6)
  18 water moccasins
  5 porcupines
  3 sky beasts
  20 orc warriors
  A slave (D:7)
  5 black bears
  An eye of draining (D:9)
  A phantom (D:11)
  7 ice beasts
  12 centaurs
  26 ogres
  6 wolves
  13 crocodiles
  18 bullfrogs
  2 wyvern skeletons (D:13)
  4 scorpions
  24 killer bees
  4 wights (D:10)
  5 electric eels
  2 howler monkeys
  2 crimson imps
  2 bullfrog zombies
  A wyvern simulacrum (D:13)
  12 jellies
  A quasit (D:10)
  11 orc priests
  7 centaur skeletons
  6 hounds
  3 iguanas
  2 bullfrog skeletons
  6 orc wizards
  4 worker ants
  2 bullfrog simulacra (D:13)
  2 hound skeletons
  A worker ant zombie (D:6)
  4 gnolls (D:3)
  17 adders
  3 shadow imps
  3 white imps (D:13)
  2 ufetubi (D:13)
  3 oozes (Lair:5)
  3 adder skeletons
  2 adder zombies (D:7)
  3 worms
  2 dart slugs
  8 leopard geckos
  57 orcs
  12 giant cockroaches
  9 goblins
  10 hobgoblins
  16 jackals
  7 quokkas
  2 ball pythons
  5 bats
  7 frilled lizards
  2 jackal skeletons
  9 kobolds
  14 rats
678 creatures vanquished.

Vanquished Creatures (collateral kills)
  An orc warrior (D:7)
  A wight (D:10)
2 creatures vanquished.

Vanquished Creatures (others)
  6 fungi
  7 plants
13 creatures vanquished.

Grand Total: 693 creatures vanquished

Notes
Turn   | Place    | Note
-------+----------+-------------------------------------------
     0 | D:1      | MirrMurr the Spriggan Enchanter began the quest for the
                  | Orb.
     0 | D:1      | Reached XP level 1. HP: 9/9 MP: 5/5
   687 | D:1      | Reached XP level 2. HP: 6/13 MP: 4/6
   691 | D:1      | Learned a level 2 spell: Ensorcelled Hibernation
   882 | D:1      | Reached skill level 5 in Stealth
  1666 | D:1      | Reached XP level 3. HP: 16/16 MP: 8/8
  1671 | D:1      | Learned a level 3 spell: Confuse
  2335 | D:2      | Reached skill level 6 in Stealth
  3107 | D:2      | Reached XP level 4. HP: 14/21 MP: 6/9
  3446 | D:3      | Noticed a bullfrog
  3449 | D:3      | Killed a bullfrog
  3449 | D:3      | Reached skill level 7 in Stealth
  3449 | D:3      | Reached XP level 5. HP: 24/24 MP: 7/10
  3478 | D:3      | Learned a level 3 spell: Tukima's Dance
  3863 | D:3      | Found a snail-covered altar of Cheibriados.
  3866 | D:3      | Found an ancient bone altar of Kikubaaqudgha.
  3983 | D:3      | Found an iron altar of Okawaru.
  3991 | D:3      | Became a worshipper of Warmaster Okawaru
  4686 | D:3      | Reached skill level 8 in Stealth
  4686 | D:3      | Reached XP level 6. HP: 28/28 MP: 8/11
  4919 | D:4      | Found a shimmering altar of Xom.
  5271 | D:3      | Reached skill level 5 in Short Blades
  5370 | D:4      | Reached * piety under Okawaru
  5569 | D:4      | Reached skill level 5 in Hexes
  5574 | D:4      | Learned a level 3 spell: Dazzling Spray
  5734 | D:4      | Found a burning altar of Makhleb.
  5762 | D:4      | Reached XP level 7. HP: 27/32 MP: 13/13
  6199 | D:5      | Entered Level 5 of the Dungeon
  7385 | D:5      | Found a shimmering altar of Xom.
  7386 | D:5      | Found a hazy altar of Hepliaklqana.
  7386 | D:5      | Noticed an unseen horror
  7388 | D:5      | Noticed an unseen horror
  7388 | D:5      | Noticed a spectral ugly thing
  7442 | D:5      | Found an opulent altar of Gozag.
  7443 | D:5      | Found a glowing silver altar of Zin.
  7618 | D:6      | Identified a scroll of acquirement
  7632 | D:6      | Found a staircase to the Ecumenical Temple.
  7638 | Temple   | Entered the Ecumenical Temple
  7744 | D:6      | Noticed Edmund
  7747 | D:6      | Killed Edmund
  7747 | D:6      | Reached skill level 1 in Fighting
  7829 | D:6      | Noticed Eustachio
  8235 | D:6      | Found a shattered altar of Ashenzari.
  8621 | D:6      | Reached XP level 8. HP: 37/37 MP: 12/15
  8774 | D:6      | Killed Eustachio
  8774 | D:6      | Reached skill level 1 in Shields
  9102 | D:7      | Reached ** piety under Okawaru
  9224 | D:7      | Reached skill level 5 in Dodging
  9298 | D:7      | Noticed a hippogriff
  9305 | D:7      | Killed a hippogriff
  9509 | D:7      | Reached XP level 9. HP: 44/44 MP: 9/16
  9702 | D:7      | Reached *** piety under Okawaru
  9941 | D:7      | Noticed Pikel
 10025 | D:7      | Killed Pikel
 10513 | D:8      | Noticed a queen bee
 10515 | D:8      | Reached skill level 9 in Stealth
 10530 | D:8      | Killed a queen bee
 10530 | D:8      | Reached **** piety under Okawaru
 10974 | D:8      | Reached skill level 5 in Shields
 11046 | D:8      | Noticed a two-headed ogre
 11070 | D:8      | Killed a two-headed ogre
 11070 | D:8      | Reached skill level 10 in Stealth
 11070 | D:8      | Reached XP level 10. HP: 49/49 MP: 12/17
 11252 | D:8      | Found a staircase to the Lair.
 12183 | D:8      | Reached ***** piety under Okawaru
 12809 | D:8      | Found a sacrificial altar of Ru.
 12813 | D:8      | Found a basalt altar of Yredelemnul.
 12816 | D:8      | Found a sparkling altar of Nemelex Xobeh.
 13275 | D:9      | Found Noan's Jewellery Shop.
 13283 | D:9      | Noticed a two-headed ogre
 13287 | D:9      | Killed a two-headed ogre
 13287 | D:9      | Reached skill level 11 in Stealth
 13344 | D:9      | Found a shadowy altar of Dithmenos.
 13526 | D:9      | Found a staircase to the Orcish Mines.
 13647 | D:9      | Reached skill level 10 in Dodging
 14027 | D:9      | Noticed a gargoyle
 14240 | D:9      | Killed a gargoyle
 14240 | D:9      | Reached XP level 11. HP: 41/52 MP: 8/18
 14307 | D:9      | Noticed a two-headed ogre
 14336 | D:9      | Killed a two-headed ogre
 14336 | D:9      | Reached ****** piety under Okawaru
 14928 | D:10     | Entered Level 10 of the Dungeon
 15285 | D:10     | Found Toicufeech's Distillery.
 15716 | D:10     | Bought a potion of agility for 56 gold pieces
 15716 | D:10     | Bought a potion of haste for 140 gold pieces
 15716 | D:10     | Bought a potion of heal wounds for 70 gold pieces
 15716 | D:10     | Bought a potion of heal wounds for 70 gold pieces
 15790 | D:11     | Noticed an unseen horror
 15796 | D:11     | Killed an unseen horror
 15796 | D:11     | Received a gift from Okawaru
 15796 | D:11     | Reached skill level 12 in Stealth
 15800 | D:11     | Got a polished hunting sling {god gift}
 15801 | D:11     | Identified the +2 hunting sling of the Final Scars {freeze,
                  | Fragile MR- Int+5 SInv} (Okawaru gifted it to you on level
                  | 11 of the Dungeon)
 15957 | D:11     | Learned a level 1 spell: Summon Butterflies
 15987 | D:11     | Noticed a green ugly thing
 16027 | D:11     | Killed a green ugly thing
 16027 | D:11     | Reached skill level 5 in Spellcasting
 16248 | D:11     | Noticed an unseen horror
 16255 | D:11     | Killed an unseen horror
 16402 | D:11     | Noticed an unseen horror
 16409 | D:11     | Killed an unseen horror
 16585 | D:11     | Got a scorched hand crossbow
 16730 | D:12     | Received a gift from Okawaru
 16733 | D:12     | Got an ancient short sword {god gift}
 17054 | D:12     | Reached skill level 1 in Invocations
 17317 | Lair:1   | Entered Level 1 of the Lair of Beasts
 17317 | Lair:1   | Found a runed gate.
 17317 | Lair:1   | Found a runed gate.
 17317 | Lair:1   | Found a runed gate.
 17370 | Lair:1   | Found a frozen archway.
 17519 | Lair:1   | Reached XP level 12. HP: 58/58 MP: 22/22
 17627 | Lair:1   | Noticed Joseph
 17642 | Lair:1   | Killed Joseph
 17642 | Lair:1   | Reached skill level 13 in Stealth
 17748 | Lair:1   | Noticed Fannar
 18128 | Lair:1   | Noticed an eight-headed hydra
 18130 | Lair:1   | Killed Fannar
 18130 | Lair:1   | Received a gift from Okawaru
 18133 | Lair:1   | Got a transparent hat {god gift}
 18147 | Lair:1   | Identified the +0 hat of Okawaru's Displeasure {Stlth+}
                  | (Okawaru gifted it to you on level 1 of the Lair of Beasts)
 18163 | Lair:1   | Killed an eight-headed hydra
 18471 | Lair:1   | Noticed karf's ghost (journeyman FoGl)
 18472 | Lair:1   | Noticed rayg00n's ghost (journeyman OpWz)
 18473 | Lair:1   | Noticed karf's ghost (journeyman FoGl)
 18763 | Lair:2   | You fall through a shaft!
 19503 | Lair:2   | Reached skill level 5 in Fighting
 19728 | Lair:2   | Reached skill level 10 in Hexes
 20245 | Lair:3   | Learned a level 1 spell: Apportation
 20252 | Lair:3   | Learned a level 6 spell: Invisibility
 20678 | Lair:3   | Reached skill level 10 in Short Blades
 20954 | Lair:3   | Reached skill level 14 in Stealth
 21677 | Lair:4   | Received a gift from Okawaru
 21677 | Lair:4   | Noticed an eight-headed hydra
 21699 | Lair:4   | Noticed a four-headed hydra
 21714 | Lair:4   | Killed an eight-headed hydra
 21714 | Lair:4   | Reached XP level 13. HP: 64/64 MP: 12/24
 22723 | Lair:4   | Found a hole to the Spider Nest.
 22974 | Lair:4   | Found a staircase to the Shoals.
 23029 | Lair:5   | Found a staircase to the Slime Pits.
 23620 | Lair:5   | Identified the +7 short sword of the Modern Stars {freeze,
                  | *Rage Int+6 Dex+3} (Okawaru gifted it to you on level 12 of
                  | the Dungeon)
 24025 | Lair:6   | Entered Level 6 of the Lair of Beasts
 24069 | Lair:6   | Noticed Nessos
 24072 | Lair:6   | Killed Nessos
 24799 | Lair:6   | Received a gift from Okawaru
 25441 | Lair:6   | Reached skill level 15 in Stealth
 25917 | Lair:6   | Reached skill level 10 in Spellcasting
 25968 | Lair:6   | Got a steaming rapier
 25978 | Lair:6   | Identified the +1 hand crossbow of Osiojoney {elec, rN+
                  | Str+6} (You found it on level 11 of the Dungeon)
 25980 | Lair:6   | Identified the +3 rapier "Emiezytzi" {drain, rF- Int+7}
                  | (You found it on level 6 of the Lair of Beasts)
 26633 | D:12     | Reached XP level 14. HP: 44/70 MP: 24/29
 27500 | D:13     | Reached skill level 1 in Summonings
 27582 | D:13     | Found a shadowy altar of Dithmenos.
 28608 | D:14     | Found Musiycsi's Book Shop.
 28752 | D:14     | Learned a level 5 spell: Summon Mana Viper
 28806 | D:13     | Received a gift from Okawaru
 29365 | D:14     | Reached skill level 5 in Invocations
 29836 | D:14     | Found a gate to the Vaults.
 29844 | D:14     | Received a gift from Okawaru
 29849 | D:14     | Reached skill level 16 in Stealth
 29861 | D:14     | Got a polished buckler {god gift}
 29872 | D:14     | Identified the +0 buckler "Qufa" {MR+} (Okawaru gifted it
                  | to you on level 14 of the Dungeon)
 29993 | D:14     | Learned a level 4 spell: Summon Ice Beast
 29998 | D:14     | Learned a level 4 spell: Summon Lightning Spire
 30105 | D:15     | Entered Level 15 of the Dungeon
 30124 | D:15     | Found a glowing silver altar of Zin.
 30125 | D:15     | Noticed an angel
 30296 | D:15     | Found a portal to a secret trove of treasure.
 31232 | D:15     | Found a staircase to the Depths.
 31240 | D:15     | HP: 3/72 [yaktaur captain/bolt (30)]
 31693 | D:15     | Reached XP level 15. HP: 77/77 MP: 29/32
 32053 | Orc:1    | Entered Level 1 of the Orcish Mines
 32066 | Orc:1    | Reached skill level 15 in Dodging
 32072 | D:9      | Received a gift from Okawaru
 33639 | Orc:2    | Entered Level 2 of the Orcish Mines
 33864 | Orc:2    | Found a staircase to the Elven Halls.
 34144 | Orc:2    | Reached skill level 17 in Stealth
 34576 | Orc:2    | Found Vuen's Antique Armour Emporium.
 34585 | Orc:2    | Found Figun's Antique Armour Shop.
 34593 | Orc:2    | Found Poib's General Store.
 34594 | Orc:2    | Found Etugh's Food Shoppe.
 35330 | Orc:2    | Received a gift from Okawaru
 35331 | Orc:2    | Got an ichor-stained scimitar {god gift}
 35332 | Orc:2    | Identified the +8 scimitar "Demon's Funeral" {drain, Str+5
                  | Int-2 Dex+2 Stlth+} (Okawaru gifted it to you on level 2 of
                  | the Orcish Mines)
 35500 | Orc:2    | Reached skill level 5 in Summonings
 35710 | Orc:2    | Bought a shiny buckler for 157 gold pieces
 35710 | Orc:2    | Bought a bloodstained cloak for 199 gold pieces
 35710 | Orc:2    | Identified the -6 cloak of Tuocs {rPois Int+3} (You bought
                  | it in a shop on level 2 of the Orcish Mines)
 35812 | D:9      | Bought the amulet "Esuos" {*Contam +Rage rPois rF++ MR-}
                  | for 765 gold pieces
 35812 | D:9      | Bought a +3 amulet of reflection for 204 gold pieces
 36000 | Spider:1 | Entered Level 1 of the Spider Nest
 36000 | Spider:1 | Noticed a ghost moth
 36027 | Lair:4   | Killed a ghost moth
 36508 | Lair:4   | HP: 1/78 [entropy weaver (6)]
 36508 | Lair:4   | Mangled by an entropy weaver

Vault maps used:
D:1:      minmay_arrival_checkered_box
D:2:      first_ration, kennysheep_nondescript
D:3:      minmay_door_path, okawaru_metal_pillars_1_2,
          grunt_temple_overflow_open, serial_rivers,
          chequers_serial_rivers_micro_d, chequers_serial_rivers_small_3,
          chequers_serial_rivers_small_3, chequers_serial_rivers_small_b,
          chequers_serial_rivers_small_b, chequers_serial_rivers_large_a,
          st_stairs_7
D:4:      bloody_makhleb, minmay_ruined_shrine
D:5:      regret_index_temple_of_mockery, grunt_temple_overflow_gold_and_silver,
          serial_rivers, chequers_serial_rivers_micro_a,
          chequers_serial_rivers_micro_e, chequers_serial_rivers_marsh,
          chequers_serial_rivers_room_a, chequers_serial_rivers_small_a,
          chequers_serial_rivers_small_b
D:6:      kennysheep_mini, minmay_temple_entry_mini_moons, minmay_fountain_box,
          uniq_edmund, uniq_eustachio
D:7:      uniq_pikel
D:8:      minitemple, lair_entry_dummy, david_nohive_1, grunt_decor_arrowhead
D:9:      kennysheep_six_static_rooms, lemuel_crystal_altar,
          minmay_orc_entry_guard_dogs, serial_shops, kennysheep_little_box
D:10:     serial_shops, shop
D:13:     basic_altar, serial_ice, serial_ice_b, serial_ice_n, serial_ice_o,
          serial_ice_j
D:14:     david_vaults_5, serial_shops, shop, minivault_4
D:15:     grunt_enter_depths_snipers, zin_angel, nicolae_trove_entry_crossroad,
          grunt_ministairs_7
Temple:   compressed_dpeg_triangle_lava_temple
Lair:1:   gammafunk_ghost_cemetery, portal_ice_cave_demonic_guard,
          cheibrodos_lair_lostbears, uniq_fannar, uniq_joseph
Lair:3:   chequers_serial_rivers_micro_d, grunt_megastairs_4,
          infiniplex_staircase_pool
Lair:4:   minmay_shoals_entry_hut, spider_nest_entry_funnel_web,
          infiniplex_staircase_pool_2, lemuel_fruit_fields
Lair:5:   nicolae_slime_entry_slimehenge
Lair:6:   hangedman_lair_caniforms_friends, hangedman_lair_in_review,
          uniq_nessos
Orc:1:    statue_in_the_mist_lemuel
Orc:2:    st_orc_open

Skill      XL: |  1  2  3  4  5  6  7  8  9 10 11 12 13 14 15 |
---------------+----------------------------------------------+-----
Stealth        | 5 6 7 8 10 11 12 14 15 16 17 | 17.5
Short Blades   | 2 3 4 5 6 7 9 10 | 10.0
Spellcasting   | 3 4 6 7 10 12 | 12.0
Hexes          | 5 7 8 9 10 12 | 12.0
Fighting       | 1 3 4 5 6 7 8 |  8.7
Dodging        | 4 6 8 10 11 12 13 14 15 | 15.0
Shields        | 3 5 6 7 |  7.2
Invocations    | 2 3 4 6 7 |  7.6
Summonings     | 3 5 |  5.1

Action                   |  1- 3 |  4- 6 |  7- 9 | 10-12 | 13-15 || total
-------------------------+-------+-------+-------+-------+-------++-------
Melee: Dagger            |   190 |   223 |   212 |   404 |   665 ||  1694
       Rapier            |       |       |       |    27 |   149 ||   176
 Fire: Hunting sling     |       |     1 |       |     2 |     8 ||    11
Throw: Stone             |       |       |       |       |     2 ||     2
 Cast: Corona            |     2 |       |       |       |       ||     2
       Ensorcelled Hiber |    23 |    30 |    49 |   203 |   315 ||   620
       Confuse           |       |     4 |    30 |    66 |   103 ||   203
       Tukima's Dance    |       |       |     3 |     1 |     2 ||     6
       Invisibility      |       |       |       |       |     3 ||     3
       Dazzling Spray    |       |       |       |       |     3 ||     3
Invok: Heroism           |       |       |       |     1 |     1 ||     2
  Use: Scroll            |     1 |     6 |    13 |    10 |    15 ||    45
       Potion            |     1 |       |     1 |       |     3 ||     5
 Stab: Sleeping          |    18 |    42 |    43 |   143 |   217 ||   463
       Confused          |       |     2 |    13 |    29 |    67 ||   111
       Invisible         |       |       |     7 |       |    24 ||    31
       Distracted        |       |       |       |     2 |       ||     2
  Eat: Ration            |     1 |     3 |     4 |    10 |     8 ||    26
Armor: Robe              |    18 |    17 |     8 |     9 |    22 ||    74
Dodge: Dodged            |   170 |   168 |   159 |   251 |   581 ||  1329
Block: Buckler           |       |       |    57 |   151 |   378 ||   586

Table legend:
 A = Non-vault XP
 B = Vault XP
 C = Vault XP percentage of total XP
 D = Non-vault monster count
 E = Vault monster count
 F = Vault count percentage of total count
                 A         B        C        D         E       F
            +---------+---------+-------+---------+---------+-------
      Total |   86849 |   43726 |  33.5 |     524 |     155 |  22.8
            +---------+---------+-------+---------+---------+-------
        D:1 |      41 |       0 |   0.0 |      26 |       0 |   0.0
        D:2 |      67 |       0 |   0.0 |      24 |       0 |   0.0
        D:3 |     176 |     177 |  50.1 |      41 |       8 |  16.3
        D:4 |     307 |      18 |   5.5 |      15 |       3 |  16.7
        D:5 |     403 |       0 |   0.0 |      13 |       0 |   0.0
        D:6 |     129 |     338 |  72.4 |      13 |       2 |  13.3
        D:7 |    1434 |     629 |  30.5 |      26 |       1 |   3.7
        D:8 |    2458 |    1258 |  33.9 |      29 |      16 |  35.6
        D:9 |    6945 |    1274 |  15.5 |      34 |      10 |  22.7
       D:10 |     978 |       0 |   0.0 |      11 |       0 |   0.0
       D:11 |    3892 |       0 |   0.0 |      15 |       0 |   0.0
       D:12 |    4203 |       0 |   0.0 |      31 |       0 |   0.0
       D:13 |    7937 |    1386 |  14.9 |      35 |      14 |  28.6
       D:14 |    9989 |    2751 |  21.6 |      25 |       7 |  21.9
       D:15 |   12551 |    3961 |  24.0 |      32 |       8 |  20.0
     Lair:1 |    3727 |    2743 |  42.4 |      18 |       6 |  25.0
     Lair:2 |    3089 |       0 |   0.0 |      15 |       0 |   0.0
     Lair:3 |    4033 |    1448 |  26.4 |      20 |       6 |  23.1
     Lair:4 |    9552 |    1300 |  12.0 |      31 |       5 |  13.9
     Lair:5 |    3775 |     193 |   4.9 |      12 |       7 |  36.8
     Lair:6 |    5832 |   10630 |  64.6 |      14 |      25 |  64.1
      Orc:1 |    3134 |    1336 |  29.9 |      38 |       3 |   7.3
      Orc:2 |    2197 |   14284 |  86.7 |       6 |      34 |  85.0
            +---------+---------+-------+---------+---------+-------
